 Dungeon Crawl Stone Soup version 0.14.1-26-g5a19342 (webtiles) character file.

720 Kae the Insei (level 7, -3/52 HPs)
             Began as a White Draconian Transmuter on July 24, 2014.
             Slain by a sky beast (6 damage)
             ... on Level 4 of the Dungeon.
             The game lasted 00:06:31 (4759 turns).

Kae the Insei (White Draconian Transmuter)          Turns: 4759, Time: 00:06:31

HP  -3/52        AC  2     Str 12      XL: 7   Next:  8%
MP  10/12        EV 19     Int 14      God:
Gold 167         SH  0     Dex 18      Spells:  3 memorised,  4 levels left

rFire  . . .     SeeInvis .       - Unarmed
rCold  . . .     Clarity  .     (armour unavailable)
rNeg   . . .     Conserve .     (shield currently unavailable)
rPois  x         rCorr    .     (helmet currently unavailable)
rElec  .         rRot     .     (cloak currently unavailable)
SustAb . .       Spirit   .     (gloves currently unavailable)
rMut   .         Warding  .     (boots currently unavailable)
Saprov . . .     Stasis   .     (no amulet)
MR     .....                    (no ring)
                                (no ring)

@: spider-form, quick, not resistant to hostile enchantments, unstealthy
A: (breathe frost), unfitting armour, (cold resistance 0), AC +6
a: End Transformation


You were on level 4 of the Dungeon.
You were hungry.
You were in spider-form.
You visited 1 branch of the dungeon, and saw 4 of its levels.

You collected 167 gold pieces.

Inventory:

Missiles
 b - 12 arrows
 i - a throwing net
 m - 6 steel javelins (quivered)
Comestibles
 a - 3 bread rations
 l - a choko
 u - 2 meat rations
Scrolls
 c - 4 scrolls of identify
 h - 2 scrolls of magic mapping
 r - 2 scrolls of blinking
 s - a scroll of random uselessness
 y - a scroll of teleportation
Jewellery
 j - an uncursed amulet of clarity {unknown}
 q - a +1 ring of protection {unknown}
Potions
 e - a potion of brilliance {unknown}
 f - a potion of resistance {unknown}
 g - a potion of curing
 k - 2 potions of magic
 n - a potion of flight {unknown}
 o - 2 potions of poison {unknown}
 p - 2 potions of restore abilities
Books
 d - a book of Changes

   Spells                             Type                      Level
   *Beastly Appendage                 Transmutation                1
   *Sticks to Snakes                  Transmutation                2
   *Spider Form                       Transmutation/Poison         3
   Ice Form                           Ice/Transmutation            4
   Blade Hands                        Transmutation                5
 x - a book of Dreams

   Spells                             Type                      Level
   Ensorcelled Hibernation            Hexes/Ice                    2
   Flight                             Charms/Air                   3
   Phase Shift                        Translocation                5
   Shadow Creatures                   Summoning                    5
   Mass Confusion                     Hexes                        6
   Darkness                           Hexes                        7


   Skills:
 - Level 1.1 Fighting
 - Level 1.7 Dodging
 * Level 6.8 Unarmed Combat
 - Level 2.0 Spellcasting
 + Level 4.7 Transmutations


You had 4 spell levels left.
You knew the following spells:

 Your Spells              Type           Power        Failure   Level  Hunger
a - Beastly Appendage     Trmt           ##....       12%         1    ##.....
b - Sticks to Snakes      Trmt           ##........   17%         2    ###....
c - Spider Form           Trmt/Pois      #.........   52%         3    ####...


Dungeon Overview and Level Annotations

Branches:
Dungeon (4/15)
 Temple: D:4-7

Altars:
Ashenzari
Cheibriados
Elyvilon
Fedhas
Makhleb


Innate Abilities, Weirdness & Mutations

((You can breathe waves of freezing cold.))*
((You can buffet flying creatures when you breathe cold.))*
((Your icy white scales are hard (AC +6).))*
Your body does not fit into most forms of armour.
Your cold-blooded metabolism reacts poorly to cold.
((Your flesh is cold resistant.))*


Message History

Reactivating autopickup.
The sky beast closely misses you.
You closely miss the sky beast.
The sky beast is lightly wounded.
The sky beast hits you.
* * * LOW HITPOINT WARNING * * *
The sky beast shocks you!
* * * LOW HITPOINT WARNING * * *
You hit the sky beast.
The sky beast looks even sicker.
The sky beast is moderately wounded.
The sky beast closely misses you.
You bite the sky beast!
The sky beast is heavily wounded.
The sky beast barely misses you.
You barely miss the sky beast.
The sky beast is heavily wounded.
The sky beast hits you.
* * * LOW HITPOINT WARNING * * *
The sky beast shocks you!
You die...

*.#######.###......##......#####
*,* #.# #......##......#.... *,*
#.# #########..#'#...### *,* #.#
#..#_#...# # *,*######.###
#..###...# # *,*#........#
#......#.# # #.##.....$..#
###....#.# #
#.##..%.....###########.####.###
#.##........#..sI)<))))..Z.{.Z..
#.########.##.######[....###.###
#.# #.##b# #.....# #.# # #.#
#.##c# #.....# #.# # #.# #o##.#
#.....# #.# # #.# #.##.# #.....#
#.# # ##.### #.##.# #.....# #.#
# ...<.# #l##.# #.....###.###
.....# #.##.# #............


You could see a sky beast.

Vanquished Creatures
  A hungry ghost (D:4)
  An ogre (D:4)
  2 orc priests (D:4)
  2 orc wizards (D:4)
  7 gnolls
  5 adders
  A giant mite (D:4)
  2 worms
  2 giant geckos
  3 oozes
  9 orcs
  A ball python (D:3)
  7 bats
  7 goblins
  6 hobgoblins
  7 jackals
  5 kobolds
  4 giant cockroaches (D:3)
  2 giant newts (D:4)
  9 rats
83 creatures vanquished.

Vanquished Creatures (others)
  An orc wizard (D:4)
1 creature vanquished.

Grand Total: 84 creatures vanquished

Notes
Turn   | Place    | Note
--------------------------------------------------------------
     0 | D:1      | Kae, the Draconian Transmuter, began the quest for the Orb.
     0 | D:1      | Reached XP level 1. HP: 16/16 MP: 3/3
   227 | D:1      | Reached XP level 2. HP: 23/23 MP: 4/4
   742 | D:2      | Reached XP level 3. HP: 25/28 MP: 4/6
   747 | D:2      | Reached skill level 4 in Unarmed Combat
  1296 | D:2      | Reached XP level 4. HP: 13/35 MP: 7/7
  1940 | D:3      | Found a shattered altar of Ashenzari.
  2419 | D:3      | Found a burning altar of Makhleb.
  2419 | D:3      | Found a snail-covered altar of Cheibriados.
  2420 | D:3      | Found a blossoming altar of Fedhas.
  2481 | D:4      | Noticed a hungry ghost
  2522 | D:4      | Killed a hungry ghost
  2522 | D:4      | Reached skill level 5 in Unarmed Combat
  2522 | D:4      | Reached XP level 5. HP: 13/40 MP: 9/9
  2522 | D:4      | Reached XP level 6. HP: 15/47 MP: 10/10
  2923 | D:4      | Reached skill level 6 in Unarmed Combat
  3204 | D:4      | Found a white marble altar of Elyvilon.
  3232 | D:4      | Noticed an ogre
  3267 | D:4      | Learned a level 2 spell: Sticks to Snakes
  3271 | D:4      | Learned a level 3 spell: Spider Form
  3353 | D:4      | Killed an ogre
  3789 | D:2      | HP: 2/47 [poisoned by a gnoll]
  3797 | D:2      | HP: 2/47 [poisoned by a gnoll]
  4266 | D:3      | Your scales start taking on an icy white colour.
  4266 | D:3      | Gained mutation: Your flesh is cold resistant. [draconian maturity]
  4266 | D:3      | Reached XP level 7. HP: 38/52 MP: 12/12
  4701 | D:4      | Noticed a centaur
  4759 | D:4      | Slain by a sky beast

Action                   |  1- 3 |  4- 6 |  7- 9 || total
-------------------------+-------+-------+-------++-------
Melee: Unarmed           |    79 |   224 |    17 ||   320
Throw: Javelin           |    12 |       |       ||    12
 Cast: Beastly Appendage |     3 |    20 |     1 ||    24
       Spider Form       |       |     2 |     1 ||     3
 Abil: Breathe Frost     |       |       |     1 ||     1
  Use: Scroll            |       |    10 |       ||    10
       Potion            |       |     2 |       ||     2
